Map: Dédale EC

Players

JukeLord

  • Race: Terran Terran
  • League: Diamond
  • Spawn Location: 1:00

HoldTheDoor - Winner!

  • Race: Protoss Protoss
  • League: Diamond
  • Spawn Location: 7:00

VOD

Have the link to the VOD?

Description

Time

  • Played on: July 4, 2018, 1:52 p.m.
  • Length: 16:03
Show
View Real Time Build Order
Export as new Build Order

JukeLord Terran 

Build Orders: MMM Bio 

Get SALT Encoding   

  12  0:00  SCV  
  13  0:13  SCV  
  14  0:17  Supply Depot  
  14  0:25  SCV  
  14  0:28  Refinery  
  15  0:38  SCV  
  16  0:46  Barracks  
  16  0:50  SCV  
  17  1:03  SCV  
  18  1:09  Refinery  
  18  1:15  SCV  
  19  1:27  SCV  
  20  1:33  Reaper  
  22  1:44  Orbital Command  
  21  1:59  Command Center  
  21  2:10  Factory  
  21  2:14  SCV  
  22  2:17  Barracks Reactor  
  22  2:29  Supply Depot  
  21  2:41  SCV  
  21  2:53  Supply Depot  
  21  2:59  SCV  
  21  3:02  Cyclone x2  
  28  3:07  Barracks Tech Lab  
  28  3:23  SCV  
  28  3:33  Marauder  
  30  3:34  Cyclone  
  30  3:35  SCV  
  34  3:47  SCV  
  35  3:59  Marauder, Concussive Shells  
  35  4:00  Orbital Command  
  37  4:07  Barracks  
  37  4:08  SCV, Barracks  
  37  4:09  Cyclone  
  41  4:17  Orbital Command  
  41  4:27  Cyclone  
  44  4:48  Marauder  
  46  4:55  Barracks Reactor x2  
  46  5:00  SCV x2  
  46  5:05  Supply Depot  
  46  5:06  Supply Depot  
  48  5:07  Supply Depot  
  48  5:12  SCV  
  48  5:13  SCV  
  50  5:24  SCV  
  50  5:25  Starport  
  51  5:29  Factory Tech Lab  
  51  5:35  SCV  
  52  5:37  SCV  
  53  5:47  SCV  
  49  5:57  Marine  
  49  5:58  Marine x3  
  48  6:12  Marauder  
  48  6:13  Siege Tank  
  48  6:14  Medivac  
  48  6:15  Marine x2  
  57  6:26  Marine  
  57  6:27  Marine  
  57  6:29  Stimpack  
  59  6:32  Marine  
  59  6:34  Liberator  
  59  6:35  SCV x2  
  59  6:38  Engineering Bay  
  59  6:39  Engineering Bay  
  62  6:44  Marine x3  
  65  6:47  SCV  
  65  6:48  SCV  
  70  6:56  Refinery  
  70  6:57  Refinery  
  70  6:58  Marine  
  70  6:59  Marine  
  72  7:12  Terran Infantry Weapons Level 1  
  72  7:13  Supply Depot x3  
  72  7:25  SCV  
  72  7:26  SCV  
  74  7:36  Medivac x2  
  78  7:37  Marine x3  
  78  7:38  SCV x2, Marine x2  
  78  7:44  Barracks  
  85  7:45  Barracks  
  85  7:46  Barracks  
  85  7:47  Terran Infantry Armor Level 1  
  85  7:51  SCV  
  85  7:52  SCV  
  85  7:55  Marine  
  88  8:03  SCV  
  88  8:04  SCV  
  90  8:09  Command Center  
  90  8:10  Siege Tank  
  93  8:16  SCV x2  
  95  8:31  SCV x2  
  97  8:47  SCV  
  97  8:48  SCV, Marine x3  
  99  8:49  Barracks Tech Lab  
  99  8:50  Barracks Tech Lab  
  99  8:55  Marine  
  100  8:56  Supply Depot  
  100  8:57  Supply Depot  
  100  8:58  Supply Depot, Barracks Reactor  
  100  9:00  Supply Depot  
  100  9:10  Sensor Tower  
  100  9:18  Sensor Tower, Armory, Combat Shields, Siege Tank  
  100  9:22  Marine x3  
  100  9:23  Marauder x2  
  110  9:26  Medivac  
  110  9:27  Marine x2  
  114  9:32  Orbital Command  
  114  9:40  Marine x2  
  116  9:49  Marine x4  
  116  9:50  Marine x2, Siege Tank  
  126  9:52  SCV  
  126  9:53  SCV  
  126  9:55  Orbital Command  
  126  9:58  Supply Depot  
  126  9:59  Supply Depot  
  127  10:05  SCV x2  
  129  10:11  Marine x5  
  129  10:12  Marine  
  135  10:24  SCV x3  
  138  10:36  SCV x3  
  141  10:48  SCV x2, Terran Infantry Weapons Level 2  
  141  10:49  Terran Infantry Armor Level 2  
  143  11:03  Marine x5  
  143  11:04  Marauder, Marine x2  
  149  11:05  Marine  
  149  11:08  Medivac x2  
  156  11:12  Terran Vehicle Weapons Level 1  
  156  11:19  Ghost Academy  
  156  11:21  Marine  
  156  11:23  Missile Turret  
  157  11:27  Barracks x2  
  157  11:30  Barracks  
  157  11:32  Barracks  
  157  11:35  SCV x2  
  157  11:37  Refinery  
  159  11:42  Missile Turret  
  159  11:44  SCV  
  160  11:47  SCV x2  
  160  11:48  Marine x2  
  160  11:49  Marine  
  165  11:59  Supply Depot  
  165  12:00  Supply Depot  
  165  12:20  Ghost, SCV, Marine, Medivac x2  
  165  12:21  Supply Depot, Marine x4  
  177  12:25  Supply Depot, Marine  
  177  12:26  Marine x2  
  180  12:32  Supply Depot x2  
  180  12:33  Supply Depot  
  180  12:38  Marine  
  180  12:42  Ghost  
  180  12:43  Ghost, Command Center  
  185  12:46  Supply Depot  
  185  12:48  Supply Depot, SCV x3, Refinery, Ghost  
  190  13:00  SCV  
  191  13:11  Ghost x2  
  195  13:17  Ghost, Barracks Tech Lab  
  195  13:19  Barracks Reactor  
  197  13:24  Barracks Tech Lab  
  197  13:28  Barracks Reactor  
  197  13:30  Marine  
  197  13:31  Marine x2  
  169  14:44  Marine x6  
  169  14:45  Marine x6  
  148  14:46  Marine  
  150  14:54  Marine  
  150  14:55  Marine  
  151  15:02  Marine x7  
  151  15:03  Ghost x2  
  151  15:04  Marauder  
  151  15:06  Marine x3  
  158  15:08  Medivac x2  
  158  15:12  Ghost  
  131  15:17  Marine  
  131  15:19  Marine  
  131  15:20  Marine x6  
Show
View Real Time Build Order
Export as new Build Order

HoldTheDoor Protoss - Winner!

Build Orders:  

Get SALT Encoding   

  12  0:01  Probe  
  13  0:13  Probe  
  14  0:18  Pylon  
  14  0:25  Probe  
  15  0:35  Probe  
  15  0:38  Gateway  
  16  0:43  Assimilator, Probe  
  17  0:51  Probe  
  17  0:53  Assimilator  
  18  1:03  Probe  
  19  1:10  Gateway  
  19  1:15  Probe  
  20  1:25  Cybernetics Core  
  20  1:27  Probe  
  21  1:34  Pylon  
  22  1:40  Probe  
  22  1:52  Probe  
  23  1:54  Stalker x2  
  27  2:10  Pylon  
  27  2:11  Warp Gate  
  27  2:13  Probe  
  28  2:23  Stalker  
  28  2:28  Stalker  
  32  2:42  Robotics Facility  
  32  2:45  Pylon  
  32  2:46  Probe  
  33  3:14  Nexus  
  33  3:34  Immortal  
  33  3:50  Pylon  
  33  3:53  Stargate  
  33  4:00  Probe  
  34  4:14  Immortal  
  34  4:16  Stalker x2  
  42  4:21  Probe  
  43  4:30  Void Ray  
  43  4:33  Probe x2  
  43  4:34  Shield Battery  
  49  4:46  Probe  
  49  4:47  Probe  
  51  4:53  Pylon  
  51  4:57  Observer  
  52  5:02  Probe x2  
  52  5:03  Void Ray  
  52  5:05  Assimilator  
  58  5:15  Probe x2  
  60  5:27  Immortal  
  60  5:28  Probe  
  65  5:30  Probe  
  66  5:40  Probe  
  66  6:06  Void Ray  
  64  6:14  Immortal  
  64  6:16  Probe x2  
  74  6:29  Pylon  
  74  6:32  Pylon, Gateway  
  74  6:33  Probe x2  
  74  6:35  Gateway  
  74  6:37  Assimilator, Protoss Air Armor Level 1  
  74  6:38  Pylon  
  74  6:39  Pylon  
  76  6:41  Void Ray  
  76  6:48  Probe x2  
  82  6:55  Pylon  
  82  7:02  Forge  
  82  7:04  Forge, Immortal  
  82  7:05  Probe  
  82  7:07  Pylon  
  87  7:26  Protoss Ground Armor Level 1  
  87  7:33  Void Ray  
  91  7:39  Zealot x3  
  91  7:41  Zealot  
  91  7:43  Observer, Protoss Shields Level 1  
  100  8:01  Zealot x3  
  106  8:07  Twilight Council  
  106  8:08  Pylon  
  106  8:16  Pylon  
  106  8:20  Probe x2  
  108  8:29  Nexus  
  108  8:32  Probe  
  108  8:33  Assimilator  
  105  8:50  Stalker x2  
  109  9:01  Probe x2  
  111  9:03  Protoss Ground Armor Level 2  
  111  9:13  Probe x2  
  113  9:21  Photon Cannon  
  113  9:23  Photon Cannon  
  113  9:25  Probe, Protoss Ground Weapons Level 1  
  114  9:32  Immortal  
  118  9:39  Probe  
  118  9:42  Charge  
  118  9:45  Pylon  
  119  9:50  Void Ray  
  123  10:18  Stalker x4  
  131  10:25  Immortal  
  131  10:27  Protoss Air Weapons Level 1  
  135  10:29  Robotics Bay  
  135  10:37  Probe x3  
  135  10:38  Assimilator  
  138  10:44  Void Ray  
  142  10:55  Fleet Beacon  
  142  10:58  Gateway  
  142  11:00  Gateway  
  142  11:04  Zealot  
  142  11:05  Zealot x3  
  142  11:08  Probe  
  151  11:13  Pylon  
  151  11:20  Photon Cannon  
  151  11:21  Photon Cannon, Protoss Shields Level 2  
  151  11:23  Shield Battery  
  151  11:27  Shield Battery  
  151  11:32  Probe  
  152  11:33  Probe  
  152  11:34  Probe  
  152  11:35  Void Ray  
  152  11:38  Protoss Ground Armor Level 3  
  158  11:43  Colossus  
  158  11:45  Graviton Catapult  
  164  12:06  Probe x3  
  167  12:11  Zealot x2  
  167  12:12  Zealot  
  173  12:24  Pylon  
  173  12:30  Photon Cannon  
  173  12:32  Carrier  
  173  12:33  Photon Cannon  
  173  12:34  Nexus  
  179  12:48  Pylon  
  179  12:51  Blink  
  179  12:52  Pylon  
  179  13:00  Gateway  
  179  13:02  Gateway  
  179  13:06  Templar Archives  
  179  13:10  Colossus  
  185  13:22  Pylon  
  185  13:26  Pylon  
  185  13:27  Pylon  
  185  13:32  Pylon  
  185  13:34  Pylon  
  185  13:38  Pylon  
  185  13:41  Assimilator  
  185  14:01  Carrier  
  191  14:06  High Templar x4  
  198  14:19  Archon x2  
  189  14:33  Zealot x2  
  161  14:53  Nexus, Probe x2  
  161  14:54  Probe  
  164  15:05  Probe  
  157  15:11  High Templar x4  
  157  15:12  High Templar x2  
  165  15:15  Immortal  
  165  15:17  Archon x3  
Tags
 
Composition
MMM Bio
Matchup
PvT
Spawn Locations
Cross Positions
Add a new tag
Caveats
  • Supply blocks, unpowered buildings, or Contaminate may cause inaccurate times.
  • Supply counts are checked every 10 seconds.